 Dungeon Crawl Stone Soup version 0.30-a0-140-gd1020e658a (webtiles) character file.

Game seed: 1245788832169063367

134 jimonade the Twirler (level 5, -1/38 HPs)
             Began as a Djinni Gladiator on Sept 24, 2022.
             Slain by Crazy Yiuf
             ... wielding a +3 quarterstaff of chaos
              (11 damage)
             ... on level 3 of the Dungeon.
             The game lasted 00:04:05 (3116 turns).

jimonade the Twirler (Djinni Gladiator)             Turns: 3116, Time: 00:04:06

Health: -1/38      AC: 10    Str: 13    XL:     5   Next: 40%
Gold:   173        EV:  6    Int: 11    God:
                   SH:  0    Dex: 15

rFire   + . .      SeeInvis .    a - +0 quarterstaff
rCold   . . .      Faith    .    (shield currently unavailable)
rNeg    . . .      Spirit   .    l - +0 chain mail
rPois   ∞          Reflect  .    c - +0 helmet
rElec   .          Harm     .    s - +0 cloak
rCorr   .          Rampage  .    (no gloves)
Will    .....                    (boots unavailable)
Stlth   ..........               (no amulet)
HPRegen 0.12/turn                k - ring of ice
MPRegen 0.00/turn                (no ring)

@: flying
A: sickness immunity, fire resistance 2, cold vulnerability 1, float, innate
caster, HP casting, extra vitality 1
a: no special abilities


You were on level 3 of the Dungeon.
You visited 1 branch of the dungeon, and saw 3 of its levels.

You collected 173 gold pieces.

Inventory:

Hand Weapons
 a - a +0 quarterstaff (weapon)
Missiles
 d - 3 throwing nets (quivered)
 e - 7 javelins
 h - 2 silver javelins
 r - 4 atropa-tipped darts
Armour
 b - a +0 leather armour
 c - a +0 helmet (worn)
 l - a +0 chain mail (worn)
 s - a +0 cloak (worn)
 t - a +0 ring mail
Jewellery
 j - an amulet of faith
 k - a ring of ice (left hand)
Wands
 v - a wand of flame (19)
Scrolls
 i - a scroll of noise {unknown}
 m - 2 scrolls of amnesia {unknown}
 n - a scroll of fog {unknown}
 p - a scroll of poison {unknown}
 q - a scroll of immolation
 y - a scroll of enchant weapon {unknown}
 A - 2 scrolls of identify {unknown}
 B - a scroll of magic mapping {unknown}
Potions
 f - a potion of flight {unknown}
 g - 3 potions of curing {unknown}
 o - 2 potions of haste {unknown}
 u - a potion of magic {unknown}
 w - a potion of might {unknown}
 x - a potion of heal wounds {unknown}
 z - a potion of lignification {unknown}


   Skills:
 - Level 2.0 Fighting
 + Level 5.2 Staves
 - Level 1.5 Throwing
 - Level 3.2 Dodging


You had one spell level left.
You knew the following spells:

 Your Spells              Type           Power      Damage    Failure   Level
a - Foxfire               Conj/Fire      0%         2x1d4     100%        1
b - Ensorcelled Hibernat  Hex/Ice        0%         N/A       100%        2
Your spell library was empty.


Dungeon Overview and Level Annotations

Branches:
Dungeon (3/15)

Altars:

Shops:
D:1 =

Annotations:
D:3 Crazy Yiuf


Innate Abilities, Weirdness & Mutations

You are immune to sickness and miasma.
You are immune to poison.
Your flesh is very heat resistant. (rF++)
You are vulnerable to cold. (rC-)
You float through the air rather than walking.
You learn spells naturally, not from books.
Your magical power is your life essence.
You have superior vitality. (+4 MHP)


Message History

The orc hits you but does no damage.
You hit the orc.
The orc is severely wounded.
The orc hits you but does no damage.
You sock the orc!
You kill the orc!
No target in view!
You see here a +0 dagger.
A - 2 scrolls labelled XYSKUOROMAO (gained 1)
You see here a +0 dagger.
You now have 156 gold pieces (gained 12).
You now have 173 gold pieces (gained 17).
You see here 2 stones.
Found an escape hatch in the ceiling.
Crazy Yiuf shouts!
No reachable target in view!
No reachable target in view!
You reach down and open the door.
Crazy Yiuf flaps his cloak.
You closely miss Crazy Yiuf. Crazy Yiuf hits you but does no damage.
You hit Crazy Yiuf.
Crazy Yiuf is lightly wounded.
Crazy Yiuf hits you with a +3 quarterstaff of chaos!
You are electrocuted!
You sock Crazy Yiuf!
Crazy Yiuf is heavily wounded.
Crazy Yiuf hits you with a +3 quarterstaff of chaos.
You barely miss Crazy Yiuf.
Crazy Yiuf is heavily wounded.
Crazy Yiuf barely misses you.
Crazy Yiuf glowers.
Crazy Yiuf hits you with a +3 quarterstaff of chaos.
* * * LOW HITPOINT WARNING * * *
Crazy Yiuf burns you.
* * * LOW HITPOINT WARNING * * *
You hit Crazy Yiuf.
Crazy Yiuf is heavily wounded.
Crazy Yiuf laughs, "You!"
Crazy Yiuf hits you with a +3 quarterstaff of chaos!
You die...

.<.###...#.#....#.#.##...........
................#.#.##...........
.....#.#...#....#.#.##..#.##..#.#
#..###.#.################.....#.#
.........# #........ .........#
#..#.##.# #..##....# ###
####........ .........# #)..###
##.......##.. #..##....#
#...g@####..)......... ...##..#.#
#...##..#.......#.#### #..#.....#
### ###.#..........## #..#...#.#
#######........ .........#
#........ #..#.....# ######
#........
.....#.#.###.#..#########..#.#.#.
...........................#.....
...#.#.#.###.#.###########.###.#.


You could see Crazy Yiuf.

Vanquished Creatures
  A hound (D:3)
  Ijyb (D:3)
  An adder (D:3)
  A worm (D:2)
  3 dart slugs
  An orc (D:3)
  7 ball pythons
  4 endoplasms
  A giant cockroach (D:1)
  4 hobgoblins (D:1)
  4 jackals (D:1)
  8 kobolds
  3 quokkas
  5 bats
  5 goblins
  6 rats
55 creatures vanquished.

Notes
Turn   | Place    | Note
-------+----------+-------------------------------------------
     0 | D:1      | jimonade the Djinni Gladiator began the quest for the Orb.
     0 | D:1      | Reached XP level 1. HP: 18/18 MP: 0/0
   138 | D:1      | Reached skill level 3 in Staves
   233 | D:1      | Found Perijum's Jewellery Shoppe.
   247 | D:1      | Reached XP level 2. HP: 10/23 MP: 0/0
   562 | D:1      | Reached XP level 3. HP: 28/28 MP: 0/0
   562 | D:1      | Learned a level 1 spell: Foxfire
   969 | D:1      | Found a faded altar of an unknown god.
   984 | D:1      | Reached skill level 4 in Staves
  1352 | D:2      | Reached XP level 4. HP: 32/33 MP: 0/0
  1943 | D:3      | Noticed Ijyb
  1960 | D:3      | Killed Ijyb
  1961 | D:3      | Reached XP level 5. HP: 16/38 MP: 0/0
  1961 | D:3      | Learned a level 2 spell: Ensorcelled Hibernation
  2275 | D:3      | Reached skill level 5 in Staves
  2559 | D:3      | Found a runed translucent door.
  2560 | D:3      | Noticed Crazy Yiuf
  3116 | D:3      | Slain by Crazy Yiuf

Illustrated notes

Levels and vault maps discovered:
D:1:      kilobyte_arrival_exit_the_forest, layout_basic, serial_shops, shop,
          hellmonk_ecumenical_altar_blasted, minivault_11, grunt_decor_cap
D:2:      layout_rooms
D:3:      layout_basic, uniq_crazy_yiuf_cottage, uniq_ijyb

Skill      XL: |  1  2  3  4  5 |
---------------+----------------+-----
Staves         | 3 4 5 |  5.2
Fighting       | |  2.0
Throwing       | |  1.5
Dodging        | |  3.2

Action                   |  1- 3 |  4- 6 || total
-------------------------+-------+-------++-------
Melee: Quarterstaff      |   130 |    91 ||   221
 Stab: Sleeping          |     1 |       ||     1
Armor: Leather armour    |    45 |       ||    45
       Chain mail        |     5 |    57 ||    62
Dodge: Dodged            |   103 |    29 ||   132

Table legend: (Time is in decaauts)
 A = Elapsed time spent in this place.
 B = Non-inter-level travel time spent in this place.
 C = Inter-level travel time spent in this place.
 D = Time resting spent in this place.
 E = Time spent auto-exploring this place.
 F = Levels seen in this place.
 G = Mean time per level.
                   A        B        C        D        E       F      G
               +--------+--------+--------+--------+--------+-----+--------+
         Total |   3137 |   3069 |     68 |    163 |   2377 |   3 | 1045.7 |
       Dungeon |   3137 |   3069 |     68 |    163 |   2377 |   3 | 1045.7 |
               +--------+--------+--------+--------+--------+-----+--------+

Top non-repeatable levels by time:
     D:3: 1407 daAuts
     D:1: 1317 daAuts
     D:2: 412 daAuts
